 Dungeon Crawl Stone Soup version 0.24-a0-537-g2d01d4ab0a (webtiles) character file.

Game seed: 3926649562580205880

54260 DasRunzen the Warrior (level 14, -1/163 HPs)
             Began as an Ogre Berserker on Aug 14, 2019.
             Was a High Priest of Trog.
             Slain by a two-headed ogre
             ... wielding a +0 dire flail
              (22 damage)
             ... on level 1 of the Orcish Mines.
             The game lasted 00:46:20 (24065 turns).

DasRunzen the Warrior (Ogre Berserker)             Turns: 24065, Time: 00:46:21

Health: -1/163     AC:  5    Str: 24    XL:     14   Next: 72%
Magic:  14/14      EV: 29    Int:  8    God:    Trog [*****.]
Gold:   1543       SH:  3    Dex: 12    Spells: 13/13 levels left

rFire    . . .     SeeInvis .   b - +3 glaive (flame)
rCold    . . .     Gourm    .   (shield currently unavailable)
rNeg     . . .     Faith    .   D - +2 robe {MR+}
rPois    .         Spirit   .   (helmet restricted)
rElec    .         Reflect  +   (no cloak)
rCorr    .         Harm     .   (gloves unavailable)
MR       ++++.                  (boots unavailable)
Stlth    +.........             f - +3 amulet of reflection
HPRegen  1.37/turn              l - ring of Phasing {EV+8}
MPRegen  0.14/turn              F - +3 ring of evasion

@: very slightly contaminated, regenerating
A: large, unfitting armour, repulsion field 1, tough skin 1
a: Berserk, Trog's Hand, Brothers in Arms, Renounce Religion


You were on level 1 of the Orcish Mines.
You worshipped Trog.
Trog was extremely pleased with you.
You were near starving.

You visited 3 branches of the dungeon, and saw 18 of its levels.

You collected 1543 gold pieces.

Inventory:

Hand Weapons
 b - a +3 glaive of flaming (weapon)
 p - the +8 trident "Newtbane" {pain, rElec rPois rC-}
   (You found it on level 4 of the Dungeon)

   In the hands of one skilled in necromantic magic, it inflicts extra damage on
   living creatures.
   It makes you vulnerable to cold.
   It insulates you from electricity.
   It protects you from poison.
 s - a +2 giant spiked club
 E - a +2 demon trident of draining
 L - a +0 shortbow of flaming
Armour
 D - a +2 robe of magic resistance (worn)
Magical Staves
 d - an uncursed staff of fire
Jewellery
 f - a +3 amulet of reflection (around neck)
 l - the ring of Phasing (left hand) {EV+8}
   (You found it on level 5 of the Dungeon)

   [ring of evasion]

   It affects your evasion (+8).
 r - an uncursed amulet of faith
 w - an uncursed ring of protection from cold
 A - an uncursed ring of ice
 F - a +3 ring of evasion (right hand)
 I - an uncursed amulet of the acrobat {unknown}
 M - an uncursed amulet of the gourmand {unknown}
Wands
 a - a wand of iceblast (11)
 t - a wand of flame (12)
 u - a wand of enslavement (6)
 y - a wand of digging (6)
 G - a wand of acid (17)
 J - a wand of paralysis (5)
Scrolls
 o - 7 scrolls of remove curse
 z - 2 scrolls of fear
 H - 2 scrolls of teleportation
 K - 2 scrolls of identify
Potions
 e - a potion of magic
 g - a potion of degeneration
 h - 2 potions of resistance
 i - 3 potions of lignification
 j - a potion of haste
 k - 4 potions of flight
 m - 5 potions of curing
 n - 2 potions of ambrosia
 q - 3 potions of invisibility
 v - 3 potions of might
 x - a potion of brilliance
Comestibles
 c - 31 rations


   Skills:
 + Level 16.5 Fighting
 + Level 11.5(11.6) Maces & Flails
 + Level 12.3 Polearms
 - Level 1.1(11.3) Staves
 + Level 12.2 Dodging


You had 13 spell levels left.
You didn't know any spells.
Your spell library was empty.

Dungeon Overview and Level Annotations

Branches:
Dungeon (10/15)            Temple (0/1) D:6            Lair (6/6) D:8
  Swamp (0/4) Lair:4        Snake (0/4) Lair:2        Slime (0/5) Lair:5
    Orc (2/2) D:10            Elf (0/3) Orc:2

Altars:
Cheibriados
Elyvilon
Gozag
Okawaru
Ru
Trog
Vehumet
Xom
Yredelemnul

Shops:
Orc:2 *

Annotations:
D:5 2 transporters, stonage's ghost, novice DsFi
Lair:4 exclusion: oklob plant


Innate Abilities, Weirdness & Mutations

You are too large for most types of armour.
You have tough skin. (AC +1)
You are surrounded by a mild repulsion field. (EV +2)


Message History

The two-headed ogre completely misses you.
You block the two-headed ogre's attack. x2
The two-headed ogre barely misses you.
Unknown command.
Blink to where?
Press: ? - help, Dir - move target cursor You are very lightly contaminated with residual magic.
As you read the scroll of blinking, it crumbles to dust.
The two-headed ogre is no longer moving quickly.
The two-headed ogre misses you.
The two-headed ogre hits you with a +0 giant spiked club.
* * * LOW HITPOINT WARNING * * *
You hit the two-headed ogre. You burn the two-headed ogre.
The two-headed ogre is lightly wounded.
The two-headed ogre misses you.
The two-headed ogre completely misses you.
You slice the two-headed ogre!! You burn the two-headed ogre.
The two-headed ogre is heavily wounded.
The two-headed ogre hits you with a +0 dire flail!!
You die...

##.##
##.#.....[...###....#....
### #.......#[..##
##........
##....##..)[[####.)......
#....###.....#.#...##...
##....##................
##...###........>.......
##....##.................
##.....O##..#.......#...#.
#....#.OO@.......#.......#
##..#...##.#..............
####....#.............#.#
##.........#.........#.
#...#.#.#...###........
##.#...#....#.)........
###......[............
##..#..)#.#[[........
##.......[.[....#..#..


You could see 3 two-headed ogres.

Vanquished Creatures
  2 hydras
  Erica (Lair:2)
  5 two-headed ogres
  A catoblepas (Lair:6)
  A deep troll shaman (Lair:6)
  7 death yaks
  Nergalle (Lair:1)
  2 unseen horrors (D:10)
  A lindwurm (Lair:5)
  Pikel (D:8)
  4 orc knights
  An orc sorcerer (Orc:2)
  An oklob plant (Lair:4)
  6 black mambas
  2 torpor snails
  Psyche (D:8)
  A gargoyle (D:10)
  10 elephants
  12 spiny frogs
  2 rime drakes
  6 komodo dragons
  A queen bee (Lair:1)
  5 trolls
  A polar bear (Lair:6)
  18 blink frogs
  A slime creature (Lair:5)
  3 dream sheep (Lair:6)
  7 hippogriffs
  A spriggan (D:10)
  A wyvern (D:10)
  2 basilisks
  2 hungry ghosts
  35 yaks
  2 steam dragons
  2 nagas (Lair:2)
  2 insubstantial wisps (D:7)
  A warg (Orc:2)
  9 water moccasins
  12 porcupines
  2 black bears
  5 sky beasts
  17 orc warriors
  2 slaves (D:8)
  5 ice beasts
  2 phantoms (D:8)
  2 necrophages
  13 wolves
  An eye of draining (D:10)
  9 ogres
  2 centaurs
  11 crocodiles
  2 big kobolds
  15 bullfrogs
  A gnoll sergeant (Orc:1)
  A water moccasin zombie (D:7)
  A water moccasin skeleton (D:9)
  3 scorpions
  29 killer bees
  3 electric eels
  3 howler monkeys (D:7)
  9 wights
  A crimson imp (D:6)
  A centaur zombie (D:6)
  3 bullfrog zombies
  A bullfrog skeleton (D:10)
  3 hounds
  8 jellies
  11 orc priests
  A gnoll shaman (Orc:1)
  13 orc wizards
  A centaur skeleton (D:9)
  2 iguanas
  8 worker ants
  A hound skeleton (D:6)
  A howler monkey zombie (D:6)
  6 gnolls
  9 adders
  A shadow imp (D:6)
  13 oozes
  An adder zombie (D:9)
  4 worms
  A dart slug (D:3)
  10 leopard geckos
  67 orcs
  11 bats
  3 giant cockroaches
  8 goblins
  5 hobgoblins (D:2)
  19 jackals
  4 quokkas
  4 ball pythons
  A frilled lizard (D:1)
  33 kobolds
  7 rats
  A plant (Lair:6)
574 creatures vanquished.

Vanquished Creatures (others)
  A centaur (D:6)
  A gnoll (Orc:1)
  25 fungi
  4 plants
31 creatures vanquished.

Grand Total: 605 creatures vanquished

Notes
Turn   | Place    | Note
-------+----------+-------------------------------------------
     0 | D:1      | DasRunzen the Ogre Berserker began the quest for the Orb.
     0 | D:1      | Reached XP level 1. HP: 24/24 MP: 1/1
    98 | D:1      | Reached XP level 2. HP: 20/32 MP: 2/2
   589 | D:2      | Reached XP level 3. HP: 30/40 MP: 3/3
  1029 | D:2      | Reached ** piety under Trog
  1079 | D:2      | Reached XP level 4. HP: 49/49 MP: 4/4
  1172 | D:2      | Found a basalt altar of Yredelemnul.
  1208 | D:2      | Reached skill level 5 in Fighting
  1911 | D:3      | Reached XP level 5. HP: 55/57 MP: 5/5
  3049 | D:4      | Noticed a big kobold
  3088 | D:4      | Killed a big kobold
  3088 | D:4      | Reached skill level 6 in Fighting
  3088 | D:4      | Reached XP level 6. HP: 31/67 MP: 6/6
  3107 | D:4      | Reached *** piety under Trog
  3180 | D:4      | Got a twisted trident
  3181 | D:4      | Identified the +8 trident "Newtbane" {pain, rElec rPois
                  | rC-} (You found it on level 4 of the Dungeon)
  3849 | D:5      | Entered Level 5 of the Dungeon
  3881 | D:5      | Found the ring of Phasing {EV+8}
  3934 | D:5      | Found a transporter.
  3936 | D:5      | Noticed stonage's ghost (novice DsFi)
  3936 | D:5      | Identified the +6 dire flail "Beetlebane" {drain, rPois
                  | Str+5 Int-5 Dex+3}
  4061 | D:5      | Reached skill level 1 in Staves
  4071 | D:5      | Found a sacrificial altar of Ru.
  4236 | D:5      | Found an opulent altar of Gozag.
  4240 | D:5      | Noticed an ice beast
  4253 | D:5      | Killed an ice beast
  4253 | D:5      | Reached skill level 1 in Polearms
  4253 | D:5      | Reached XP level 7. HP: 51/76 MP: 7/7
  4278 | D:5      | Found a transporter.
  4488 | D:6      | Reached skill level 7 in Fighting
  4522 | D:6      | Reached skill level 5 in Dodging
  4530 | D:6      | Found a staircase to the Ecumenical Temple.
  4557 | D:6      | Noticed a two-headed ogre
  4563 | D:6      | Killed a two-headed ogre
  4563 | D:6      | Reached skill level 8 in Fighting
  4563 | D:6      | Reached XP level 8. HP: 89/89 MP: 8/8
  4643 | D:6      | Found a bloodstained altar of Trog.
  4784 | D:6      | Reached skill level 9 in Fighting
  4909 | D:6      | Reached XP level 9. HP: 87/98 MP: 9/9
  4910 | D:6      | Reached **** piety under Trog
  5033 | D:6      | Found a shimmering altar of Xom.
  5182 | D:7      | Reached skill level 5 in Polearms
  5184 | D:7      | Reached skill level 5 in Maces & Flails
  5336 | D:7      | Found an iron altar of Okawaru.
  5411 | D:7      | Reached skill level 10 in Fighting
  5721 | D:7      | Reached XP level 10. HP: 81/111 MP: 10/10
  6188 | D:8      | Noticed Psyche
  6197 | D:8      | Killed Psyche
  6360 | D:8      | Reached skill level 11 in Fighting
  6390 | D:8      | Noticed Pikel
  6413 | D:8      | Killed Pikel
  6594 | D:8      | Found a staircase to the Lair.
  6705 | Lair:1   | Entered Level 1 of the Lair of Beasts
  7055 | D:8      | Reached ***** piety under Trog
  8272 | Lair:1   | Noticed Nergalle
  8285 | Lair:1   | Killed Nergalle
  8285 | Lair:1   | Reached skill level 12 in Fighting
  8285 | Lair:1   | Reached XP level 11. HP: 108/123 MP: 11/11
  8749 | Lair:2   | Received a gift from Trog
  8763 | Lair:2   | Found a staircase to the Snake Pit.
  9191 | Lair:2   | Noticed Erica
  9201 | Lair:2   | Killed Erica
  9590 | Lair:2   | Gained mutation: Your mind is acute. (Int +2) [potion of
                  | mutation]
  9590 | Lair:2   | Lost mutation: Your mind is acute. (Int +2) [potion of
                  | mutation]
  9590 | Lair:2   | Gained mutation: You are surrounded by a mild repulsion
                  | field. (EV +2) [potion of mutation]
  9612 | Lair:3   | Noticed a five-headed hydra
 10344 | Lair:2   | Killed a one-headed hydra
 10757 | Lair:3   | Reached skill level 13 in Fighting
 11118 | Lair:3   | Reached XP level 12. HP: 97/136 MP: 12/12
 11738 | Lair:3   | Reached skill level 10 in Dodging
 12065 | Lair:1   | HP: 4/137 [porcupine's spines (9)]
 13338 | Lair:4   | Reached skill level 10 in Polearms
 13348 | Lair:4   | Reached skill level 14 in Fighting
 14084 | Lair:4   | Reached XP level 13. HP: 95/148 MP: 13/13
 14119 | Lair:4   | Received a gift from Trog
 14590 | Lair:4   | Found a staircase to the Swamp.
 14716 | Lair:4   | You fall into a shaft and drop 2 floors!
 14716 | Lair:6   | Entered Level 6 of the Lair of Beasts
 14726 | Lair:6   | Reached skill level 10 in Maces & Flails
 15306 | Lair:6   | Reached skill level 15 in Fighting
 16398 | Lair:5   | Found a staircase to the Slime Pits.
 17838 | Lair:6   | Reached XP level 14. HP: 87/159 MP: 14/14
 18214 | Lair:6   | Got a scorched broad axe
 18221 | Lair:6   | Identified the cursed +1 broad axe "Veod Nyg" {vamp, MR+}
                  | (You found it on level 6 of the Lair of Beasts)
 18356 | Lair:5   | HP: 4/161 [death yak (21)]
 20029 | D:9      | Received a gift from Trog
 20108 | D:9      | Found a snail-covered altar of Cheibriados.
 20113 | D:9      | Found a radiant altar of Vehumet.
 20480 | D:9      | Found a white marble altar of Elyvilon.
 20569 | D:10     | Entered Level 10 of the Dungeon
 20815 | D:10     | Reached skill level 16 in Fighting
 20840 | D:10     | Received a gift from Trog
 21705 | D:10     | Found a staircase to the Orcish Mines.
 21710 | Orc:1    | Entered Level 1 of the Orcish Mines
 22657 | Orc:2    | Entered Level 2 of the Orcish Mines
 22667 | Orc:1    | Received a gift from Trog
 23074 | Orc:2    | Found a staircase to the Elven Halls.
 23970 | Orc:2    | Found Lacuc's Assorted Antiques.
 24051 | Orc:1    | HP: 7/163 [two-headed ogre/+0 dire flail (10)]
 24065 | Orc:1    | Slain by a two-headed ogre

Levels and vault maps discovered:
D:1:      dpeg_arrival_boxes_within_box, layout_basic, minmay_misc_feat_pillars,
          minmay_tiny_reverse_x
D:2:      layout_loops_cross, lemuel_doored_altar, grunt_ministairs_15,
          minmay_crystal_water
D:3:      layout_loops_ring, first_ration, kennysheep_donut, saegor_snake_ambush
D:4:      kennysheep_kobold_camp, layout_basic, minmay_misc_feat_room
D:5:      layout_basic, lemuel_coloured_pillars_altar, kennysheep_little_box,
          gammafunk_ghost_smash, due_unseen_surprise
D:6:      layout_gridville, kennysheep_mini_moat,
          minmay_temple_entry_large_hall, basic_altar
D:7:      layout_basic, okawaru_gym_becter, hangedman_misty_isle
D:8:      layout_basic, grunt_lair_entry_orc_guard_hut, uniq_psyche, uniq_pikel
D:9:      layout_long_grid, grunt_temple_overflow_open,
          chequers_serial_rivers_micro_c
D:10:     layout_cave_pools, hiddenorc1_lemuel, the_bakery
Lair:1:   layout_cave_pods, special_room [special_room_bee], uniq_nergalle
Lair:2:   layout_regular_city, minmay_snake_entry_guardpost_small,
          serial_bayou_pond_c, serial_bayou_shore_a, uniq_erica
Lair:3:   layout_long_grid, serial_bayou_pond_b, grunt_megastairs_4,
          infiniplex_staircase_pool
Lair:4:   lemuel_slime, layout_loops_ring, swamp_mist,
          cheibrodos_lair_caveside_slide, minmay_stone_trees_small,
          st_stairs_10, mumra_transporter_accident
Lair:5:   layout_long_grid, minmay_slime_entry_pillars,
          chequers_serial_rivers_room_b
Lair:6:   grunt_lair_end_beastmaster, layout_misc_corridors,
          infiniplex_staircase_pool_2, serial_bayou_shore_b
Orc:1:    layout_caves, nicolae_orc_stony_grotto
Orc:2:    st_orc_ogre_mass, layout_caves, serial_shops, shop,
          nicolae_shop_behind_doors, nicolae_shop_behind_doors,
          hangedman_minor_magic

Skill      XL: |  1  2  3  4  5  6  7  8  9 10 11 12 13 14 |
---------------+-------------------------------------------+-----
Maces & Flails | 3 4 6 7 8 9 10 11 | 11.5
Dodging        | 3 4 6 7 8 9 10 11 12 | 12.2
Fighting       | 5 6 8 9 10 12 13 14 15 16 | 16.5
Staves         | 1 |  1.1
Polearms       | 1 4 6 7 9 10 11 12 | 12.3

Action                   |  1- 3 |  4- 6 |  7- 9 | 10-12 | 13-15 || total
-------------------------+-------+-------+-------+-------+-------++-------
Melee: Mace              |   107 |   251 |       |       |       ||   358
       Trident           |       |    33 |   201 |   717 |   503 ||  1454
       Glaive            |       |       |       |     6 |   547 ||   553
Invok: Trog's Hand       |       |     1 |       |     4 |     3 ||     8
       Berserk           |       |       |     1 |       |       ||     1
  Use: Scroll            |     3 |     5 |     7 |    10 |    11 ||    36
       Potion            |       |       |       |     2 |     2 ||     4
 Stab: Sleeping          |     1 |     4 |     1 |     1 |       ||     7
       Distracted        |       |       |       |     2 |       ||     2
       Petrified         |       |       |       |       |    20 ||    20
       Petrifying        |       |       |       |       |     1 ||     1
  Eat: Chunk             |       |    10 |     9 |    20 |    21 ||    60
       Ration            |       |       |       |     2 |     4 ||     6
Armor: Animal skin       |    53 |    79 |    18 |    28 |       ||   178
       Robe              |       |       |       |    31 |    50 ||    81
Dodge: Dodged            |    94 |   173 |   161 |   844 |  1182 ||  2454
Block: Other             |       |    21 |    18 |    81 |   116 ||   236
       Reflection        |       |       |     3 |     1 |     4 ||     8

Table legend:
 A = Non-vault XP
 B = Vault XP
 C = Vault XP percentage of total XP
 D = Non-vault monster count
 E = Vault monster count
 F = Vault count percentage of total count
                 A         B        C        D         E       F
            +---------+---------+-------+---------+---------+-------
      Total |   57655 |   19860 |  25.6 |     441 |     131 |  22.9
            +---------+---------+-------+---------+---------+-------
        D:1 |      19 |       4 |  17.4 |      13 |       2 |  13.3
        D:2 |     113 |       3 |   2.6 |      32 |       2 |   5.9
        D:3 |      40 |      28 |  41.2 |      20 |       3 |  13.0
        D:4 |     101 |     127 |  55.7 |      10 |      21 |  67.7
        D:5 |     294 |       0 |   0.0 |      10 |       0 |   0.0
        D:6 |    1836 |       0 |   0.0 |      28 |       0 |   0.0
        D:7 |    1626 |     895 |  35.5 |      25 |       6 |  19.4
        D:8 |     518 |    2603 |  83.4 |       5 |      24 |  82.8
        D:9 |    2138 |       0 |   0.0 |      34 |       0 |   0.0
       D:10 |    4605 |     418 |   8.3 |      37 |      18 |  32.7
     Lair:1 |    1849 |    1414 |  43.3 |       9 |       7 |  43.8
     Lair:2 |    5763 |    1259 |  17.9 |      20 |       3 |  13.0
     Lair:3 |    7166 |    1296 |  15.3 |      30 |       5 |  14.3
     Lair:4 |    8513 |     292 |   3.3 |      34 |      17 |  33.3
     Lair:5 |    6021 |     384 |   6.0 |      19 |       4 |  17.4
     Lair:6 |    9637 |    7574 |  44.0 |      36 |      15 |  29.4
      Orc:1 |    2873 |       0 |   0.0 |      43 |       0 |   0.0
      Orc:2 |    4543 |    3563 |  44.0 |      36 |       4 |  10.0
            +---------+---------+-------+---------+---------+-------
